 Dungeon Crawl Stone Soup version 0.23-a0-151-gf6d1ed2 (webtiles) character file.

4039 GroovyGamera the Fanfare of Bloodshed (level 10, -8/68 HPs)
             Began as a Halfling Hunter on Sept 7, 2018.
             Was a Believer of Makhleb.
             Mangled by a two-headed ogre
             ... wielding a +0 giant club
              (16 damage)
             ... on level 8 of the Dungeon.
             The game lasted 00:43:56 (10720 turns).

GroovyGamera the Fanfare of Bloodshed (HaHu)       Turns: 10720, Time: 00:43:57

Health: -8/68      AC: 12    Str: 15    XL:     10   Next: 48%
Magic:  17/17      EV: 10    Int:  9    God:    Makhleb [**....]
Gold:   356        SH:  0    Dex: 17    Spells: 9/9 levels left

rFire    + + .     SeeInvis .   e - +2 scimitar
rCold    . . .     Gourm    .   (shield restricted)
rNeg     . . .     Faith    .   H - +0 chain mail
rPois    .         Spirit   .   (no helmet)
rElec    .         Reflect  .   b - +0 cloak
rCorr    .         Harm     .   t - +0 pair of gloves
MR       .....                  (no boots)
Stlth    ..........             (no amulet)
HPRegen  0.21/turn              B - ring of protection from fire
MPRegen  0.15/turn              l - ring of protection from fire

@: no status effects
A: small, mutation resistance 1
a: Minor Destruction, Renounce Religion


You were on level 8 of the Dungeon.
You worshipped Makhleb.
Makhleb was pleased with you.
You were hungry.

You visited 1 branch of the dungeon, and saw 9 of its levels.
You also visited: Sewer and Ossuary.

You collected 356 gold pieces.

Inventory:

Hand Weapons
 a - a +1 hand crossbow
 e - a +2 scimitar (weapon)
 g - a +1 dagger of speed
 n - a +0 war axe
Missiles
 d - 28 bolts
 p - 13 poisoned needles
 w - 12 tomahawks (quivered)
Armour
 b - a +0 cloak (worn)
 t - a +0 pair of gloves (worn)
 z - a +0 plate armour
 G - the +0 leather armour of the Spider Nest {rPois Str-5 Dex+2}
   (You found it on level 7 of the Dungeon)

   It affects your strength (-5).
   It affects your dexterity (+2).
   It protects you from poison.
 H - a +0 chain mail (worn)
Jewellery
 j - an uncursed amulet of rage {unknown}
 l - a ring of protection from fire (right hand)
 q - an uncursed ring of magical power
 B - a ring of protection from fire (left hand)
Wands
 o - a wand of polymorph (13)
 A - a wand of random effects (25)
Scrolls
 c - 2 scrolls of noise {unknown}
 h - a scroll of magic mapping {unknown}
 i - a scroll of blinking
 k - a scroll of fear {unknown}
 m - 3 scrolls of teleportation
 u - 2 scrolls of enchant armour {unknown}
 v - 2 scrolls of amnesia
 x - 4 scrolls of remove curse
 F - a scroll of holy word {unknown}
Potions
 r - 5 potions of curing
 D - a potion of ambrosia
 E - 2 potions of mutation
Comestibles
 f - 13 rations


   Skills:
 - Level 6.1 Fighting
 - Level 8.3 Crossbows
 - Level 6.5 Armour
 - Level 3.0 Dodging
 - Level 1.1 Stealth
 * Level 10.1 Invocations


You had 9 spell levels left.
You didn't know any spells.
Your spell library was empty.

Dungeon Overview and Level Annotations

Branches:
Dungeon (9/15)             Temple (0/1) D:5
   Lair: D:8-11         Orc: D:9-12

Altars:
Ashenzari
Dithmenos
Kikubaaqudgha
Makhleb
Ru
Trog

Annotations:
D:5 1 runed door, NervFog's ghost, novice TeAE


Innate Abilities, Weirdness & Mutations

You are small and have problems with some larger weapons.
You are somewhat resistant to further mutation.


Message History

The two-headed ogre misses you. The two-headed ogre barely misses you.
You hit the two-headed ogre.
The two-headed ogre is moderately wounded.
The two-headed ogre closely misses you.
You riposte.
You hit the two-headed ogre.
The two-headed ogre is moderately wounded.
The two-headed ogre closely misses you.
You slash the two-headed ogre!
The two-headed ogre is heavily wounded.
The two-headed ogre hits you with a giant club!
* * * LOW HITPOINT WARNING * * *
The two-headed ogre hits you but does no damage.
You hit the two-headed ogre.
The two-headed ogre is heavily wounded.
The two-headed ogre hits you but does no damage.
The two-headed ogre completely misses you.
You hit the two-headed ogre.
The two-headed ogre is heavily wounded.
The two-headed ogre hits you with a giant club!
You die...

##.###.# ##.## #
...###.######.# .#
..............# ..##
##.####.#####.# #.... ...#
#.# #.# #...## ##.# #<#
###.## #....(# .#.####.#
#....## ##..(...(
........###.#...####........
................@Oy'........
...###..###.#...####.....(.(
....##.........## ##.......
#.#.##.####.#### #.....#
#...##.# #. #...## #..###.#
# #'## #..# #.# .# #... ..#
# ##.##


You could see a two-headed ogre and a killer bee.

Vanquished Creatures
  A troll (D:7)
  A spriggan (D:7)
  Eustachio (D:6)
  A hungry ghost (D:7)
  2 sky beasts (D:7)
  2 black bears
  2 orc warriors
  2 phantoms
  A necrophage (D:8)
  An ogre (D:8)
  4 centaurs
  2 big kobolds (Sewer)
  4 bullfrogs (D:7)
  2 scorpions
  5 killer bees (D:8)
  5 wights (D:7)
  A howler monkey (D:4)
  2 crimson imps
  A centaur zombie (Ossuary)
  4 orc priests
  A jelly (D:8)
  A bullfrog skeleton (D:8)
  8 orc wizards
  2 iguanas
  6 worker ants
  3 big kobold zombies (Ossuary)
  A hound skeleton (D:5)
  4 mummies (Ossuary)
  2 worker ant zombies
  6 gnolls
  14 adders
  2 river rats
  A shadow imp (D:5)
  6 oozes
  4 adder skeletons
  11 worms
  2 dart slugs
  3 leopard geckos
  15 orcs
  5 ball pythons
  8 bats
  5 giant cockroaches
  9 goblins
  8 hobgoblins
  9 jackals
  11 kobolds
  3 quokkas
  5 frilled lizards
  A goblin zombie (D:6)
  5 hobgoblin zombies (Ossuary)
  A jackal zombie (D:7)
  A quokka skeleton (D:9)
  A quokka zombie (D:6)
  18 rats
226 creatures vanquished.

Notes
Turn   | Place    | Note
-------+----------+-------------------------------------------
     0 | D:1      | GroovyGamera the Halfling Hunter began the quest for the
                  | Orb.
     0 | D:1      | Reached XP level 1. HP: 14/14 MP: 1/1
    38 | D:1      | Reached XP level 2. HP: 19/19 MP: 2/2
   159 | D:1      | Reached XP level 3. HP: 24/24 MP: 3/3
  1178 | D:2      | Found an ancient bone altar of Kikubaaqudgha.
  1290 | D:2      | Reached XP level 4. HP: 28/30 MP: 4/4
  1317 | D:2      | Reached skill level 5 in Crossbows
  1544 | D:2      | Found a sacrificial altar of Ru.
  1553 | D:2      | Reached skill level 1 in Armour
  1885 | D:2      | Found a shadowy altar of Dithmenos.
  2505 | D:3      | Reached XP level 5. HP: 16/36 MP: 5/5
  3116 | D:4      | Reached XP level 6. HP: 42/42 MP: 6/6
  3186 | D:4      | Found a burning altar of Makhleb.
  3290 | D:4      | Found a glowing drain.
  3297 | Sewer    | Entered a sewer
  4209 | Sewer    | Reached XP level 7. HP: 47/47 MP: 7/7
  4376 | D:4      | Became a worshipper of Makhleb the Destroyer
  5242 | D:5      | Entered Level 5 of the Dungeon
  5242 | D:5      | Found a runed door.
  5245 | D:5      | Noticed NervFog's ghost (novice TeAE)
  5324 | D:5      | Found a staircase to the Ecumenical Temple.
  5670 | D:5      | Reached XP level 8. HP: 52/54 MP: 8/8
  6072 | D:6      | Found a sand-covered staircase.
  6092 | Ossuary  | Entered an ossuary
  6097 | Ossuary  | Reached * piety under Makhleb
  6111 | Ossuary  | Reached skill level 5 in Fighting
  6111 | Ossuary  | Reached skill level 5 in Armour
  6827 | D:6      | Noticed Eustachio
  6831 | D:6      | Killed Eustachio
  7036 | D:7      | Reached XP level 9. HP: 62/62 MP: 9/9
  7318 | D:7      | Reached skill level 1 in Invocations
  7600 | D:7      | Reached skill level 2 in Invocations
  7706 | D:7      | Reached skill level 3 in Invocations
  7736 | D:7      | Reached skill level 4 in Invocations
  7906 | D:7      | Noticed a troll
  7910 | D:7      | Killed a troll
  7910 | D:7      | Reached skill level 5 in Invocations
  8019 | D:7      | Got a faintly humming leather armour
  8030 | D:7      | Identified the cursed +0 leather armour of the Spider Nest
                  | {rPois Str-5 Dex+2} (You found it on level 7 of the
                  | Dungeon)
  8147 | D:7      | Reached skill level 6 in Invocations
  8505 | D:7      | Reached skill level 7 in Invocations
  8506 | D:7      | Reached ** piety under Makhleb
  8508 | D:7      | Reached XP level 10. HP: 68/68 MP: 13/15
  8524 | D:7      | Reached skill level 8 in Invocations
  9857 | D:7      | Reached skill level 9 in Invocations
 10032 | D:8      | Found a bloodstained altar of Trog.
 10033 | D:8      | Found a shattered altar of Ashenzari.
 10339 | D:8      | Reached skill level 10 in Invocations
 10699 | D:8      | Noticed a two-headed ogre
 10720 | D:8      | Mangled by a two-headed ogre

Vault maps used:
D:1:      tarquinn_simple_flora_water_b, grunt_decor_mini_mirrors,
          minmay_misc_feat_ornament, minmay_statues_item
D:2:      cheibrodos_helix_gallery, overflow_temple_1_default,
          lemuel_round_altar, kiku_gazebo_pond_becter, first_ration
D:4:      lightli_sewer_entry_pipes, bloody_makhleb
D:5:      minmay_temple_entry_from_below_a, ebering_ghost_sewer_d,
          kb_lookout_dungeons_type
D:6:      enter_ossuary_4, uniq_eustachio
D:7:      black_bear_nest_1, the_bakery
D:8:      minitemple
D:9:      erik_lair_orcish_takeover, nicolae_tso_carved_into_rock
Sewer:    sewer_co_tree
Ossuary:  ossuary_the_hunt_dpeg

Skill      XL: |  1  2  3  4  5  6  7  8  9 10 |
---------------+-------------------------------+-----
Fighting       | 2 3 4 5 6 |  6.1
Dodging        | 3 |  3.0
Crossbows      | 5 6 8 |  8.3
Armour         | 1 2 3 4 6 |  6.5
Invocations    | 7 10 | 10.1
Stealth        | |  1.1

Action                   |  1- 3 |  4- 6 |  7- 9 | 10-12 || total
-------------------------+-------+-------+-------+-------++-------
Melee: Dagger            |   106 |   200 |   196 |   132 ||   634
       Scimitar          |       |       |       |   113 ||   113
 Fire: Hand crossbow     |    25 |   119 |   303 |    30 ||   477
Throw: Tomahawk          |       |       |       |     6 ||     6
Invok: Minor Destruction |       |       |       |     6 ||     6
Evoke: Wand              |       |     3 |    13 |    10 ||    26
  Use: Scroll            |     2 |     5 |     9 |       ||    16
       Potion            |       |     3 |       |     8 ||    11
 Stab: Sleeping          |     2 |       |       |       ||     2
  Eat: Chunk             |     1 |    10 |     8 |     4 ||    23
       Ration            |       |       |     4 |     1 ||     5
Armor: Leather armour    |    14 |       |       |       ||    14
       Ring mail         |     2 |    47 |       |       ||    49
       Scale mail        |       |       |    38 |       ||    38
       Chain mail        |       |       |   105 |   118 ||   223
       Skin              |       |       |       |    11 ||    11
Dodge: Dodged            |    63 |   129 |   136 |   119 ||   447
       Rpst.: Scimitar   |       |       |       |    35 ||    35

Table legend:
 A = Non-vault XP
 B = Vault XP
 C = Vault XP percentage of total XP
 D = Non-vault monster count
 E = Vault monster count
 F = Vault count percentage of total count
                 A         B        C        D         E       F
            +---------+---------+-------+---------+---------+-------
      Total |    4544 |    1227 |  21.3 |     167 |      59 |  26.1
            +---------+---------+-------+---------+---------+-------
        D:1 |      62 |       0 |   0.0 |      33 |       0 |   0.0
        D:2 |      64 |       2 |   3.0 |      22 |       2 |   8.3
        D:3 |      53 |       0 |   0.0 |       7 |       0 |   0.0
        D:4 |     233 |      47 |  16.8 |      15 |      10 |  40.0
        D:5 |     251 |     110 |  30.5 |      16 |       1 |   5.9
        D:6 |     580 |     205 |  26.1 |      19 |       3 |  13.6
        D:7 |    2264 |     351 |  13.4 |      33 |       2 |   5.7
        D:8 |    1036 |       0 |   0.0 |      21 |       0 |   0.0
        D:9 |       1 |       0 |   0.0 |       1 |       0 |   0.0
      Sewer |       0 |     313 | 100.0 |       0 |      28 | 100.0
    Ossuary |       0 |     199 | 100.0 |       0 |      13 | 100.0
            +---------+---------+-------+---------+---------+-------
